 Dungeon Crawl Stone Soup version 0.26.1-11-gd32895ea62 (webtiles) character file.

Game seed: 15036226861463065960

896 Almogavar the Stinger (level 7, -7/50 HPs)
             Began as a Demonspawn Venom Mage on May 11, 2021.
             Mangled by a wyvern skeleton (11 damage)
             ... on level 6 of the Dungeon.
             The game lasted 00:23:53 (6729 turns).

Almogavar the Stinger (Demonspawn Venom Mage)       Turns: 6729, Time: 00:23:53

Health: -7/50      AC:  5    Str:  8    XL:     7   Next: 78%
Magic:  0/13       EV: 13    Int: 19    God:
Gold:   285        SH:  0    Dex: 13    Spells: 13/14 levels left

rFire    + . .     SeeInvis .   j - +0 quarterstaff
rCold    x . .     Faith    .   (shield currently unavailable)
rNeg     . . .     Spirit   +   y - +2 robe {Will+}
rPois    .         Reflect  .   (helmet restricted)
rElec    .         Harm     .   n - +0 cloak
rCorr    .         Rampage  .   (no gloves)
Will     ++...                  (no boots)
Stlth    ++........             l - amulet of regeneration
HPRegen  0.56/turn              o - ring of willpower
MPRegen  0.13/turn              q - ring of fire

@: mighty
A: antennae 1, hooves 1, magic shield
a: no special abilities


You were on level 6 of the Dungeon.
You visited 1 branch of the dungeon, and saw 6 of its levels.

You collected 285 gold pieces.

Inventory:

Hand Weapons
 j - a +0 quarterstaff (weapon)
 t - the +4 dagger "Ytath" {chaos, *Contam rF+ Str+2}
   (You found it on level 4 of the Dungeon)

   Each time it hits an enemy it has a different, random effect.
   It affects your strength (+2).
   It protects you from fire.
   It causes magical contamination when unequipped.
Armour
 m - a +0 leather armour
 n - a +0 cloak (worn)
 y - a +2 robe of willpower (worn)
Jewellery
 l - an amulet of regeneration (around neck)
 o - a ring of willpower (left hand)
 q - a ring of fire (right hand)
Wands
 s - a wand of disintegration (13)
Scrolls
 d - 3 scrolls of remove curse
 f - a scroll of teleportation {unknown}
 g - a scroll of amnesia {unknown}
 h - a scroll of identify {unknown}
 p - a scroll of fear {unknown}
 w - a scroll of magic mapping {unknown}
 x - a scroll of fog {unknown}
Potions
 a - a potion of cancellation {unknown}
 b - 2 potions of berserk rage {unknown}
 c - 2 potions of might
 e - a potion of flight {unknown}
 i - a potion of resistance {unknown}
 k - 5 potions of curing {unknown}
 r - 3 potions of haste {unknown}
 u - a potion of invisibility {unknown}
 v - 2 potions of brilliance {unknown}
 z - a potion of attraction {unknown}


   Skills:
 + Level 2.0 Fighting
 + Level 2.7 Staves
 + Level 3.0 Dodging
 + Level 2.5 Stealth
 + Level 4.1 Spellcasting
 + Level 3.9 Transmutations
 + Level 4.9 Poison Magic


You had 13 spell levels left.
You knew the following spells:

 Your Spells              Type           Power        Failure   Level
a - Sting                 Tmut/Pois      80%          2%          1

Your spell library contained the following spells:

 Spells                   Type           Power        Failure   Level
 Beastly Appendage        Tmut           36%          2%          1
 Wereblood                Tmut           18%          4%          2
 Spider Form              Tmut/Pois      10%          7%          3
 Poisonous Vapours        Pois/Air       26%          8%          2
 Ignite Poison            Fire/Tmut/Pois 22%          12%         3
 Olgreb's Toxic Radiance  Pois           22%          19%         4
 Mephitic Cloud           Conj/Pois/Air  10%          22%         3
 Ice Form                 Ice/Tmut       11%          52%         4
 Blade Hands              Tmut           9%           58%         5


Dungeon Overview and Level Annotations

Branches:
Dungeon (6/15)
 Temple: D:4-7

Altars:
Vehumet

Shops:
D:5 :

Annotations:
D:4 2 transporters


Innate Abilities, Weirdness & Mutations

You have a pair of small antennae on your head.
You have large cloven feet.
When hurt, damage is shared between your health and your magic reserves.


Message History

Casting: Sting (safe; 2% risk of failure)
Confirm with . or Enter, or press ? or * to list all spells.
Aiming: Sting (safe; 2% risk of failure)
Press: ? - help, Shift-Dir - straight line, f/p - wyvern skeleton
Aim: a wyvern skeleton (moderately damaged, 2% to evade)
The sting hits the wyvern skeleton.
The wyvern skeleton partially resists.
The wyvern skeleton is heavily damaged.
The wyvern skeleton bites you!
* * * LOW HITPOINT WARNING * * *
You hit the wyvern skeleton but do no damage.
The wyvern skeleton is heavily damaged.
The wyvern skeleton closely misses you. The wyvern skeleton bites you.
* * * LOW HITPOINT WARNING * * *
It was a potion of might.
You feel very mighty all of a sudden.
The wyvern skeleton bites you but does no damage.
You sock the wyvern skeleton!
The wyvern skeleton is severely damaged.
The wyvern skeleton bites you!
You die...

## .. #. #.. ### #####
####..#######.###.#.#
.............)......#
#......<..###.#######
#.....###Z# #.########
#.... #@# #.........
#... #.# #..#######
#....$###)###..#######
##....................
.###.###)....#...... #
#)###)#.##### #. #.#
#.# # #.##... ..#
#..##.# #.#


You could see a wyvern skeleton.

Vanquished Creatures
  A phantom (D:5)
  2 ogres
  A centaur (D:5)
  A scorpion (D:4)
  A bullfrog zombie (D:5)
  An orc priest (D:3)
  A hound (D:5)
  2 bullfrog skeletons
  A centaur skeleton (D:5)
  Ijyb (D:3)
  2 worker ants
  A hound skeleton (D:5)
  Robin (D:4)
  A worker ant zombie (D:5)
  4 gnolls (D:6)
  6 adders
  2 ufetubi (D:5)
  3 oozes
  An adder skeleton (D:5)
  An adder zombie (D:5)
  2 worms (D:2)
  A dart slug (D:1)
  4 leopard geckos
  13 orcs
  4 bats
  5 giant cockroaches
  14 goblins
  10 hobgoblins
  3 jackals
  A quokka (D:3)
  A ball python (D:5)
  5 frilled lizards
  6 kobolds
  4 rats
107 creatures vanquished.

Vanquished Creatures (others)
  4 toadstools (D:1)
4 creatures vanquished.

Grand Total: 111 creatures vanquished

Notes
Turn   | Place    | Note
-------+----------+-------------------------------------------
     0 | D:1      | Almogavar the Demonspawn Venom Mage began the quest for the
                  | Orb.
     0 | D:1      | Reached XP level 1. HP: 13/13 MP: 3/3
   123 | D:1      | Gained mutation: When hurt, damage is shared between your
                  | health and your magic reserves. [demonic ancestry]
   123 | D:1      | Reached XP level 2. HP: 18/19 MP: 0/5
   448 | D:1      | Reached skill level 1 in Transmutations
   698 | D:1      | Reached XP level 3. HP: 11/24 MP: 2/6
  2330 | D:3      | Reached XP level 4. HP: 31/31 MP: 4/7
  3192 | D:3      | Noticed an ogre
  3416 | D:3      | Killed an ogre
  3417 | D:3      | Reached skill level 1 in Fighting
  3417 | D:3      | Gained mutation: You have large cloven feet. [demonic
                  | ancestry]
  3417 | D:3      | Reached XP level 5. HP: 18/37 MP: 2/9
  3985 | D:4      | Noticed Ijyb
  3992 | D:3      | Killed Ijyb
  4038 | D:4      | Reached XP level 6. HP: 43/43 MP: 6/10
  4086 | D:4      | Got a masterwork dagger
  4099 | D:4      | Identified the +4 dagger "Ytath" {chaos, *Contam rF+ Str+2}
                  | (You found it on level 4 of the Dungeon)
  4237 | D:4      | Reached skill level 1 in Staves
  4401 | D:4      | Found a transporter.
  4405 | D:4      | Found a transporter.
  4405 | D:4      | Noticed a slime creature
  4620 | D:4      | Noticed Robin
  4718 | D:4      | Killed Robin
  5031 | D:4      | Found a radiant altar of Vehumet.
  5110 | D:5      | Entered Level 5 of the Dungeon
  5237 | D:5      | Gained mutation: You have a pair of small antennae on your
                  | head. [demonic ancestry]
  5237 | D:5      | Reached XP level 7. HP: 7/48 MP: 1/12
  5816 | D:5      | Found Putoyg's Book Emporium.
  6729 | D:6      | Mangled by a wyvern skeleton

Illustrated notes

Levels and vault maps discovered:
D:1:      ldierk_walled_garden_2, layout_basic, serial_forest,
          infiniplex_forest_clump_long, infiniplex_forest_lined_corner,
          infiniplex_forest_join, infiniplex_forest_lined_room_,
          infiniplex_forest_split, infiniplex_forest_straight_4
D:2:      layout_loops_corners
D:3:      layout_rooms
D:4:      layout_basic, gammafunk_temple_overflow_arena, uniq_robin, uniq_ijyb
D:5:      layout_loops_corners, serial_shops, nicolae_shop_stone
D:6:      layout_basic, eat_drink_and_be_merry_uskayaw,
          grunt_dithmenos_smoke_and_mirrors, tgw_trog,
          minmay_temple_entry_stoned_glass, serial_shops, shop

Skill      XL: |  1  2  3  4  5  6  7 |
---------------+----------------------+-----
Dodging        | 2 3 |  3.0
Stealth        | 2 |  2.5
Transmutations | 1 2 3 |  3.9
Fighting       | 1 2 |  2.0
Spellcasting   | 3 4 |  4.1
Poison Magic   | 4 |  4.9
Staves         | 1 2 |  2.7

Action                   |  1- 3 |  4- 6 |  7- 9 || total
-------------------------+-------+-------+-------++-------
Melee: Dagger            |    20 |       |       ||    20
       Quarterstaff      |     9 |    80 |    87 ||   176
       Kick              |       |    11 |    18 ||    29
 Cast: Sting             |    67 |   102 |    40 ||   209
  Use: Scroll            |     1 |       |       ||     1
       Potion            |       |       |     1 ||     1
 Stab: Sleeping          |       |     1 |     1 ||     2
Armor: Robe              |     7 |    36 |    12 ||    55
Dodge: Dodged            |    27 |    87 |    71 ||   185
